 Dungeon Crawl Stone Soup version 0.29-a0-993-g4a18f31a58 (webtiles) character file.

Game seed: 16517260156229822365

150725 ytrimaz the Artisan of Death (level 16, -22/139 HPs)
             Began as a Demonspawn Necromancer on Aug 1, 2022.
             Was a Priest of Kikubaaqudgha.
             Killed from afar by a deep elf zephyrmancer (33 damage)
             ... with a bolt of lightning
             ... led by a deep elf high priest
             ... on level 1 of the Elven Halls on Aug 2, 2022.
             The game lasted 01:28:45 (34049 turns).

ytrimaz the Artisan of Death (DsNe)                Turns: 34049, Time: 01:28:46

Health: -22/139    AC: 29    Str: 13    XL:     16   Next: 99%
Magic:  0/40       EV: 27    Int: 32    God:    Kikubaaqudgha [***...]
Gold:   204        SH:  0    Dex: 13    Spells: 10/35 levels left

rFire   . . .      SeeInvis .   c - +3 hand axe (venom)
rCold   + . .      Faith    .   (no shield)
rNeg    . . .      Spirit   +   x - +0 steam dragon scales
rPois   .          Reflect  .   W - +3 hat of Pondering {ponderous, Will+ MP+10 Int+5}
rElec   .          Harm     .   e - +5 cloak of the Unseen Realm {rC+ Str+2 Int+4}
rCorr   .          Rampage  .   (gloves unavailable)
Will    ++...                   n - +2 pair of boots
Stlth   ++........              y - amulet of the acrobat
HPRegen 0.33/turn               f - +4 ring of protection
MPRegen 0.54/turn               o - +4 ring of protection

@: acrobatic, animating dead, very slightly contaminated, slow
A: demonic guardian 2, robust 1, magic shield, magic regeneration, sturdy frame
2, demonic touch 3
a: Renounce Religion, Unearth Wretches


You were on level 1 of the Elven Halls.
You worshipped Kikubaaqudgha.
Kikubaaqudgha was most pleased with you.
You visited 6 branches of the dungeon, and saw 25 of its levels.
You also visited: Gauntlet and Ice Cave.

You collected 1950 gold pieces.
You spent 1746 gold pieces at shops.

Inventory:

Hand Weapons
 c - a +3 hand axe of venom (weapon)
 k - a +2 dagger of speed
 U - the +2 war axe "Hamic Ruso" {drain, rElec rF+ rCorr Stlth+}
   (You found it on level 1 of the Lair of Beasts)

   A truly terrible weapon, it drains the life of any living foe it strikes.
   rF:        It protects you from fire.
   rElec:     It insulates you from electricity.
   rCorr:     It protects you from acid and corrosion.
   Stlth:     It makes you more stealthy.
Missiles
 M - a throwing net
Armour
 e - the +5 cloak of the Unseen Realm (worn) {rC+ Str+2 Int+4}
   (You bought it in a shop on level 10 of the Dungeon)

   Str:       It affects your strength (+2).
   Int:       It affects your intelligence (+4).
   rC:        It protects you from cold.
 n - a +2 pair of boots (worn)
 x - +0 steam dragon scales (worn)
 B - the +2 ratskin cloak {*Rats rPois rN+ Str-1 Int-1 Dex+1}
   (You found it on level 6 of the Dungeon)

   When the wearer is hurt, rats may emerge from it to assist them.
   Str:       It affects your strength (-1).
   Int:       It affects your intelligence (-1).
   Dex:       It affects your dexterity (+1).
   rPois:     It protects you from poison.
   rN:        It protects you from negative energy.
 L - the +8 chain mail of Vanity {Drain rF+ Regen+ Str-5 Stlth+}
   (You bought it in a shop on level 10 of the Dungeon)

   Str:       It affects your strength (-5).
   rF:        It protects you from fire.
   Regen:     It increases your rate of health regeneration.
   Drain:     It drains your maximum health when unequipped.
   Stlth:     It makes you more stealthy.
 W - the +3 hat of Pondering (worn) {ponderous, Will+ MP+10 Int+5}
   (You bought it in a shop on level 1 of the Orcish Mines)

   Int:       It affects your intelligence (+5).
   MP:        It affects your magic capacity (+10).
   Will:      It increases your willpower.
 X - a +3 plate armour
Jewellery
 a - an amulet of reflection
 f - a +4 ring of protection (left hand)
 o - a +4 ring of protection (right hand)
 r - a ring of ice
 y - an amulet of the acrobat (around neck)
 H - a ring of protection from fire
 J - a ring of protection from fire
 R - a +6 ring of strength
Wands
 i - a wand of paralysis (28)
 l - a wand of polymorph (7)
 q - a wand of flame (74)
 E - a wand of roots (20)
Scrolls
 t - 5 scrolls of noise
 w - 4 scrolls of vulnerability
 A - 8 scrolls of fog
 C - a scroll of enchant weapon
 K - 2 scrolls of silence
 N - 2 scrolls of fear
 P - 5 scrolls of blinking
 Q - 2 scrolls of magic mapping
 T - 4 scrolls of identify
 V - 3 scrolls of enchant armour
Potions
 b - 4 potions of magic
 g - 5 potions of haste
 h - 2 potions of flight
 j - 3 potions of mutation
 m - 3 potions of invisibility
 p - 6 potions of lignification
 s - 3 potions of curing
 z - 4 potions of brilliance
 D - 2 potions of cancellation
 F - a potion of resistance
 O - a potion of ambrosia
 Y - 3 potions of berserk rage
 Z - 2 potions of might


   Skills:
 - Level 12.0 Fighting
 - Level 1.0 Short Blades
 - Level 14.0 Axes
 - Level 0.2 Staves
 - Level 0.2 Ranged Weapons
 - Level 0.2 Throwing
 * Level 13.3 Armour
 - Level 1.7 Dodging
 - Level 1.7 Stealth
 - Level 0.2 Shields
 - Level 10.0 Spellcasting
 - Level 0.3 Conjurations
 - Level 0.3 Hexes
 - Level 1.0 Summonings
 + Level 20.4 Necromancy
 - Level 0.1 Translocations
 - Level 0.1 Transmutations
 - Level 0.2 Fire Magic
 - Level 0.1 Ice Magic
 - Level 0.2 Air Magic
 - Level 0.1 Earth Magic
 - Level 0.2 Poison Magic
 - Level 0.3 Invocations
 - Level 0.2 Evocations


You had 10 spell levels left.
You knew the following spells:

 Your Spells              Type           Power      Damage    Failure   Level
a - Dispel Undead         Necr           98%        3d31      0%          4
b - Animate Dead          Necr           98%        N/A       0%          4
c - Simulacrum            Ice/Necr       35%        N/A       7%          6
d - Agony                 Necr           98%        N/A       1%          5
e - Sublimation of Blood  Necr           98%        N/A       0%          2
f - Necrotise             Necr           100%       1d9       0%          1
g - Vampiric Draining     Necr           98%        2d13      0%          3

Your spell library contained the following spells:

 Spells                   Type           Power      Damage    Failure   Level
 Corpse Rot               Necr/Pois/Air  57%        N/A       1%          4
 Borgnjor's Vile Clutch   Necr/Erth      35%        N/A       1%          5
 Magic Dart               Conj           72%        1d6       2%          1
 Slow                     Hex            68%        N/A       2%          1
 Call Imp                 Summ           22%        N/A       3%          2
 Ensorcelled Hibernation  Hex/Ice        34%        N/A       4%          2
 Passwall                 Tmut/Erth      14%        N/A       4%          2
 Confusing Touch          Hex            17%        N/A       9%          3
 Conjure Flame            Conj/Fire      18%        6-21      9%          3
 Ignite Poison            Fire/Tmut/Pois 17%        N/A       9%          3
 Mephitic Cloud           Conj/Pois/Air  17%        N/A       9%          3
 Ozocubu's Armour         Ice            17%        N/A       9%          3
 Portal Projectile        Hex/Tloc       34%        N/A       9%          3
 Swiftness                Air            17%        N/A       9%          3
 Fulminant Prism          Conj/Hex       9%         3d7       26%         4
 Hailstorm                Conj/Ice       17%        3d6       26%         4
 Iskenderun's Mystic Bla  Conj/Tloc      17%        2d5       26%         4
 Sticky Flame             Conj/Fire      18%        2d4       26%         4
 Leda's Liquefaction      Hex/Erth       8%         N/A       28%         4
 Passage of Golubria      Tloc           17%        N/A       28%         4
 Summon Forest            Summ/Tloc      9%         N/A       54%         5
 Irradiate                Conj/Tmut      8%         3d14      58%         5
 Iskenderun's Battlesphe  Conj           18%        2d7       58%         5
 Silence                  Hex/Air        8%         N/A       58%         5
 Lee's Rapid Deconstruct  Erth           8%         3d8*      63%         5
 Eringya's Noxious Bog    Tmut/Pois      8%         N/A       99%         6
 Starburst                Conj/Fire      9%         6d5       99%         6
 Ozocubu's Refrigeration  Ice            8%         4d9       100%        7
 Summon Hydra             Summ           11%        N/A       100%        7
 Lehudib's Crystal Spear  Conj/Erth      8%         10d4      100%        8


Dungeon Overview and Level Annotations

Branches:
Dungeon (15/15)            Temple (1/1) D:4            Lair (5/5) D:11
  Swamp (0/4) Lair:2        Snake (0/4) Lair:3        Slime (1/5) Lair:5
    Orc (2/2) D:10            Elf (1/3) Orc:2        Vaults (0/5) D:13
 Depths (0/4) D:15          IceCv (visited)         Gauntlet (visited)

Altars:
Ashenzari
Cheibriados
Dithmenos
Fedhas
Gozag
Hepliaklqana
Kikubaaqudgha
Makhleb
Nemelex Xobeh
Okawaru
Qazlal
Ru
Sif Muna
Trog
Uskayaw
Vehumet
Wu Jian
Xom
Yredelemnul
Lugonu

Shops:
D:9 *   D:10 [   D:11 !   D:14 [   Orc:1 [   Orc:2 [[**

Portals:
Abyss: Lair:5

Annotations:
D:5 2 transporters
D:9 1 runed translucent door, Yogidamonk's ghost, novice MiBe
Lair:1 1 runed translucent door, exclusion: door, spiderkeys's ghost, journeyman HOFi


Innate Abilities, Weirdness & Mutations

A demonic guardian rushes to your aid.
You are robust. (+10% HP)
When hurt, damage is shared between your health and your magic reserves.
You regenerate magic rapidly.
Your movements are less encumbered by armour. (ER -4)
Your touch may irresistibly damage your foes and sap their willpower.


Message History

A nearby deep elf archer perishes wretchedly.
A nearby rime drake perishes wretchedly.
A nearby deep elf zephyrmancer perishes wretchedly.
The dead are flying!
The dead are walking! x2
The fire elemental hits something.
The fire elemental burns something!
The deep elf pyromancer casts a spell.
The deep elf pyromancer blinks!
The fire elemental hits you. The fire elemental burns you!
* * * LOW HITPOINT WARNING * * *
A demonic guardian appears!
Unknown command.
The deep elf zephyrmancer completely misses you.
Unknown command.
Unknown command.
Unknown command.
You feel better. The fire elemental barely misses you.
The deep elf zephyrmancer gestures at you while chanting.
The bolt of lightning hits you!
* * * LOW HITPOINT WARNING * * *
The bolt of lightning hits your deep elf archer zombie!! x2
The bolt of lightning hits you!!
* * * LOW HITPOINT WARNING * * *
Your deep elf knight simulacrum hits the fire elemental!
Your deep elf knight simulacrum freezes the fire elemental!!
The fire elemental is frozen!
The fire elemental is destroyed!
The fire elemental disappears in a puff of smoke!
Unknown command.
Unknown command.
The deep elf zephyrmancer attacks as you move away!
The deep elf zephyrmancer hits you but does no damage.
The deep elf archer unwields a +0 short sword.
The deep elf archer wields a +2 shortbow of freezing.
It is covered in frost.
The deep elf archer shoots an arrow.
The arrow hits your ice devil!
The deep elf zephyrmancer gestures at you while chanting.
The bolt of lightning hits your deep elf knight zombie!!
The bolt of lightning hits you!!!
You die...
Kikubaaqudgha rasps: "You have failed me!
Welcome... death!"

#.## ##.#.#
##.....#
#Z)#######..#'####
##.).##
##Z##...##.##....#
###+##
#.)○)...E.##....#
#....
####E#e#####....#
#..##
..○)...###....#
#.$#
..).E....##....#
#..#
#§...e....##e.Z.#
#$.#
#.......☼..○#.Z@.#
#>.##
......8#8.°.ZE4ZZ.#
#....
......###...Z.....#
##.##
......8#8.........#
#.#
#........e..#..[.#
##'##
#.........##.)..##
#....
#....))...##.....##
#....
##...#####......#
#....
#†[..##..........#
#....


You could see a deep elf archer (repels missiles), a deep elf zephyrmancer (ally
target), a fire elemental (summoned), a friendly ice devil (summoned), 2
friendly deep elf knight simulacra, a friendly rime drake zombie, a friendly
deep elf knight zombie, a friendly deep elf archer zombie and a friendly deep
elf zephyrmancer zombie.

Vanquished Creatures
  Gastronok (D:8)
  A storm dragon (D:14)
  A tengu reaver (D:14)
  A frost giant (D:15)
  A fire giant (D:14)
  A boulder beetle (Lair:3)
  A hydra (D:15)
  3 ogre magi
  10 two-headed ogres
  A dancing weapon (Elf:1)
  5 centaur warriors
  3 death yaks
  3 tengu warriors
  2 deep elf knights (Elf:1)
  6 skeletal warriors
  5 deep elf archers
  An orc knight (Orc:2)
  A bog body (Lair:2)
  A phantasmal warrior (D:15)
  10 deep elf pyromancers
  2 orc sorcerers
  3 deep elf zephyrmancers (Elf:1)
  A wolf spider (D:14)
  2 ugly things
  2 manticores
  2 elephants
  A cyclops (D:13)
  2 centaur zombies (D:12)
  A smoke demon (Lair:5)
  An ice statue (D:14)
  3 black mambas
  2 gargoyles
  A molten gargoyle (D:10)
  Psyche (D:8)
  A rime drake (Lair:5)
  8 cane toads
  A freezing wraith (D:15)
  A kobold demonologist (D:14)
  A yaktaur (D:14)
  An entropy weaver simulacrum (IceCv)
  7 komodo dragons
  An efreet (D:14)
  A tengu conjurer (D:14)
  A queen bee (Gauntlet)
  6 trolls
  4 polar bears
  A meliai (D:8)
  A tarantella (shapeshifter) (D:14)
  A raiju (shapeshifter) (D:10)
  7 slime creatures
  A blink frog (shapeshifter) (D:13)
  12 blink frogs
  3 vampires (D:12)
  3 shadows
  7 wyverns
  23 yaks
  6 spriggans (D:9)
  9 wraiths
  3 ynoxinuls (Lair:5)
  2 steam dragons
  7 vampire mosquitoes
  2 wargs
  2 acid dragons
  A naga (Lair:3)
  A swamp worm (Lair:2)
  5 water moccasins
  A large abomination (Lair:5)
  A black bear (Lair:2)
  2 ice beasts
  9 orc warriors
  2 sky beasts
  A black bear (shapeshifter) (D:8)
  16 ogres
  11 wolves
  A boggart (D:11)
  6 centaurs
  A phantom (D:5)
  A kobold brigand (D:8)
  6 bullfrogs
  2 necrophages (D:5)
  A scorpion (D:6)
  2 gnoll sergeants (D:7)
  4 small abominations (Lair:5)
  2 wights (D:8)
  10 killer bees
  5 howler monkeys
  An electric eel (Lair:2)
  A crimson imp (D:9)
  10 orc priests
  A human zombie (D:4)
  2 jellies
  3 hounds
  2 gnoll boudas
  Terence (D:3)
  2 iguanas
  16 orc wizards
  3 hell rats (D:6)
  A mummy (D:4)
  Robin (D:2)
  13 gnolls
  7 river rats (D:6)
  5 adders
  2 white imps
  2 worms
  52 orcs
  4 ball pythons
  3 bats
  6 endoplasms
  2 giant cockroaches
  7 goblins
  13 hobgoblins
  4 jackals (D:1)
  6 kobolds
  5 quokkas
  2 frilled lizards
  An orc zombie (D:4)
  4 rats
478 creatures vanquished.

Vanquished Creatures (collateral kills)
  Rupert (Lair:3)
  A deep elf demonologist (Elf:1)
  A minotaur (Gauntlet)
  A dire elephant (Lair:5)
  Josephine (Orc:2)
  An ettin (D:14)
  6 hydras
  A boulder beetle (D:15)
  A death knight (D:15)
  A catoblepas (Lair:5)
  12 two-headed ogres
  3 ogre magi
  A dancing weapon (Elf:1)
  2 centaur warriors
  3 death yaks (Lair:2)
  3 thrashing horrors (Lair:5)
  Urug (Orc:2)
  A deep elf knight (Elf:1)
  A large abomination (Lair:5)
  3 bog bodies (Lair:2)
  2 orc knights (D:15)
  A deep elf archer (Elf:1)
  4 deep elf pyromancers
  2 cyclopes (D:15)
  A deep elf zephyrmancer (Elf:1)
  13 ugly things
  A faun (D:14)
  4 slime creatures
  3 will-o-the-wisps (D:14)
  A manticore (D:12)
  Maurice (D:8)
  3 black mambas
  4 elephants
  A smoke demon (Lair:5)
  9 cane toads
  2 rime drakes
  A tengu conjurer (D:15)
  A rime drake (shapeshifter) (D:15)
  2 freezing wraiths
  2 ancient zymes (Lair:5)
  A merfolk (D:12)
  3 meliai (D:15)
  A troll (D:12)
  9 blink frogs
  A meliai zombie (D:15)
  An air elemental (Elf:1)
  17 yaks
  3 spriggans
  A water elemental (D:13)
  2 wyverns
  2 shadows
  A ynoxinul (Lair:5)
  3 wraiths
  5 vampire mosquitoes
  4 basilisks
  3 wargs (D:11)
  3 nagas (Lair:3)
  3 acid dragons (D:11)
  4 water moccasins
  A black bear (D:7)
  4 orc warriors
  A swamp drake (D:14)
  An ice beast (D:7)
  9 ogres (Orc:2)
  8 wolves
  5 centaurs
  A kobold brigand (D:10)
  3 gnoll sergeants
  6 bullfrogs
  3 wights (D:8)
  A jelly (D:8)
  A hound (D:6)
  3 orc priests
  A gnoll bouda (D:7)
  4 small abominations (Lair:5)
  5 orc wizards
  2 hell rats (D:6)
  2 gnolls (D:7)
  An adder (D:4)
  7 river rats (D:6)
  24 orcs
  2 giant cockroaches
  4 goblins
  A hobgoblin (D:2)
  A jackal (D:1)
  A dart slug zombie (D:14)
272 creatures vanquished.

Vanquished Creatures (others)
  A tengu reaver (D:14)
  An orc warlord (Orc:2)
  2 ettins (D:14)
  A great orb of eyes (D:10)
  An ogre mage (D:10)
  3 boulder beetles
  3 hydras
  4 centaur warriors
  2 death knights
  A deep troll earth mage (D:14)
  2 two-headed ogres
  2 death yaks
  2 deep elf knights (Elf:1)
  A fire crab (D:15)
  4 deep elf pyromancers (Elf:1)
  6 deep elf archers
  4 deep elf zephyrmancers (Elf:1)
  A tengu zombie (D:14)
  5 ugly thing zombies (D:14)
  A mana viper (shapeshifter) (D:14)
  A faun (shapeshifter) (D:14)
  5 centaur zombies
  A black mamba (Lair:1)
  A cane toad (Lair:5)
  3 rime drakes
  A death yak zombie (Lair:5)
  2 rime drakes (shapeshifter)
  3 komodo dragons
  A mana viper zombie (D:14)
  3 hydra zombies
  A polar bear (Lair:5)
  A meliai (D:8)
  A troll (D:8)
  2 meliai zombies (D:15)
  3 black mamba zombies
  A spriggan (shapeshifter) (D:8)
  An ettin zombie (D:14)
  2 yaks
  A basilisk (D:14)
  A steam dragon (D:12)
  4 slime creature zombies
  A faun zombie (D:14)
  10 two-headed ogre zombies
  A warg (Orc:2)
  An acid dragon (D:15)
  A human zombie (Orc:2)
  3 cane toad zombies
  A water moccasin (Lair:4)
  15 ogre zombies
  An orc warrior (Orc:2)
  2 elephant zombies (Lair:5)
  3 ice beasts (IceCv)
  13 elf zombies
  2 blink frog zombies
  A centaur (D:12)
  5 ogres
  A manticore zombie (D:8)
  2 rime drake zombies
  A fire crab zombie (D:15)
  2 vampire mosquito zombies
  A komodo dragon zombie (Lair:5)
  4 bullfrogs
  2 water moccasin zombies
  2 warg zombies
  3 polar bear zombies
  4 spriggan zombies
  5 yak zombies
  A killer bee (D:12)
  A queen bee zombie (Gauntlet)
  7 wolf zombies
  6 bullfrog zombies
  A basilisk zombie (D:14)
  An orc priest (Orc:2)
  A black bear zombie (D:8)
  An orc wizard (D:14)
  3 killer bee zombies
  2 acid dragon zombies
  A sky beast zombie (D:13)
  3 ice beast zombies (IceCv)
  A hell rat zombie (D:6)
  2 gnoll zombies
  A steam dragon zombie (D:12)
  A swamp drake zombie (D:14)
  An adder zombie (D:4)
  2 jelly zombies
  2 worms
  A dart slug (D:14)
  4 orcs
  A bat zombie (D:13)
  An endoplasm (D:13)
  A goblin (D:8)
  3 ball pythons
  2 ball python zombies
  A bat (D:13)
  2 frilled lizards
  A frilled lizard zombie (D:8)
  2 giant cockroach zombies (D:4)
  A hobgoblin zombie (D:4)
  2 kobolds (D:14)
  A kobold zombie (D:14)
  32 orc zombies
  A rat (D:11)
  4 river rat zombies (D:6)
  23 foxfires (D:14)
  32 fungi
  28 plants
  2 withered plants (D:9)
356 creatures vanquished.

Grand Total: 1106 creatures vanquished

Notes
Turn   | Place    | Note
-------+----------+-------------------------------------------
     0 | D:1      | ytrimaz the Demonspawn Necromancer began the quest for the
                  | Orb.
     0 | D:1      | Reached XP level 1. HP: 13/13 MP: 3/3
   371 | D:1      | Gained mutation: Your movements are slightly less
                  | encumbered by armour. (ER -2) [demonic ancestry]
   371 | D:1      | Reached XP level 2. HP: 19/19 MP: 1/5
   381 | D:1      | Reached skill level 5 in Necromancy
   711 | D:1      | Reached XP level 3. HP: 10/24 MP: 1/6
  1354 | D:2      | Noticed Robin
  1564 | D:2      | Reached XP level 4. HP: 12/30 MP: 0/7
  1998 | D:2      | Killed Robin
  1999 | D:2      | Reached skill level 6 in Necromancy
  2188 | D:2      | Found an iron altar of Okawaru.
  2968 | D:3      | Found a faded altar of an unknown god.
  3087 | D:3      | Gained mutation: You regenerate magic rapidly. [demonic
                  | ancestry]
  3087 | D:3      | Reached XP level 5. HP: 34/35 MP: 5/9
  3374 | D:3      | Noticed Terence
  3390 | D:3      | Killed Terence
  3398 | D:3      | Learned a level 4 spell: Animate Dead
  3902 | D:4      | Reached skill level 1 in Short Blades
  4197 | D:4      | Gained mutation: When hurt, damage is shared between your
                  | health and your magic reserves. [demonic ancestry]
  4197 | D:4      | Reached XP level 6. HP: 33/41 MP: 2/11
  4519 | D:4      | Found a staircase to the Ecumenical Temple.
  4543 | D:4      | Reached skill level 7 in Necromancy
  4548 | Temple   | Entered the Ecumenical Temple
  4898 | D:4      | Found an ancient bone altar of Kikubaaqudgha.
  4932 | D:4      | Became a worshipper of Kikubaaqudgha
  5371 | D:5      | Entered Level 5 of the Dungeon
  5460 | D:4      | Learned a level 3 spell: Vampiric Draining
  5684 | D:5      | Found a shadowy altar of Dithmenos.
  5710 | D:5      | Gained mutation: A weak demonic guardian rushes to your
                  | aid. [demonic ancestry]
  5710 | D:5      | Reached XP level 7. HP: 42/46 MP: 11/14
  5928 | D:5      | Reached skill level 5 in Spellcasting
  6241 | D:5      | Reached skill level 8 in Necromancy
  6330 | D:5      | Found a transporter.
  6563 | D:5      | Found a transporter.
  6928 | D:6      | Reached skill level 1 in Axes
  6928 | D:6      | Gained mutation: A demonic guardian rushes to your aid.
                  | [demonic ancestry]
  6928 | D:6      | Reached XP level 8. HP: 51/52 MP: 16/16
  6962 | D:6      | Found a snail-covered altar of Cheibriados.
  6964 | D:6      | Identified the +0 robe of the Evening {Archmagi}
  7558 | D:6      | Reached * piety under Kikubaaqudgha
  7558 | D:6      | Received a gift from Kikubaaqudgha
  7815 | D:6      | Reached skill level 9 in Necromancy
  7824 | D:6      | Found the +2 ratskin cloak {*Rats rPois rN+ Str-1 Int-1
                  | Dex+1}
  8231 | D:7      | Noticed a troll
  8637 | D:7      | Gained mutation: Your touch may inflict minor irresistible
                  | damage on your foes. [demonic ancestry]
  8637 | D:7      | Reached XP level 9. HP: 28/57 MP: 11/19
  8815 | D:7      | Reached skill level 5 in Axes
  9005 | D:7      | Found a bloodstained altar of Trog.
  9548 | D:7      | Killed a troll
  9549 | D:7      | Reached skill level 10 in Necromancy
  9611 | D:8      | Noticed a meliai
  9844 | D:8      | Learned a level 5 spell: Agony
  9847 | D:8      | Learned a level 2 spell: Sublimation of Blood
 10047 | D:8      | Noticed Gastronok
 10084 | D:8      | Killed Gastronok
 10085 | D:8      | Gained mutation: Your touch may inflict irresistible damage
                  | on your foes. [demonic ancestry]
 10085 | D:8      | Reached XP level 10. HP: 25/63 MP: 3/22
 10272 | D:8      | Found an opulent altar of Gozag.
 10321 | D:8      | Noticed a centaur warrior
 10336 | D:8      | Killed a centaur warrior
 10337 | D:8      | Reached skill level 11 in Necromancy
 10574 | D:8      | Noticed Maurice
 10585 | D:8      | Killed Maurice
 10632 | D:8      | Noticed Psyche
 10642 | D:8      | Killed Psyche
 10846 | D:8      | Found a sacrificial altar of Ru.
 11115 | D:9      | Found a broken altar of Ashenzari.
 11183 | D:9      | Found a runed translucent door.
 11267 | D:9      | Noticed Yogidamonk's ghost (novice MiBe)
 11358 | D:9      | Reached ** piety under Kikubaaqudgha
 11359 | D:9      | Gained mutation: Your movements are less encumbered by
                  | armour. (ER -4) [demonic ancestry]
 11359 | D:9      | Reached XP level 11. HP: 16/68 MP: 8/24
 11365 | D:9      | Reached skill level 12 in Necromancy
 11388 | D:9      | Noticed a two-headed ogre
 11402 | D:9      | Killed a two-headed ogre
 12247 | D:9      | Found Wagoargh's General Store.
 12548 | D:10     | Entered Level 10 of the Dungeon
 12548 | D:10     | Found an iron altar of Okawaru.
 12549 | D:10     | Found a stormy altar of Qazlal.
 12582 | D:10     | Found Gites's Antique Armour Shop.
 12585 | D:10     | Noticed a two-headed ogre
 12593 | D:10     | Killed a two-headed ogre
 12594 | D:10     | Reached skill level 10 in Spellcasting
 12598 | D:10     | Bought a blackened chain mail for 256 gold pieces
 12598 | D:10     | Identified the +4 chain mail of Xom's Approval {rCorr} (You
                  | bought it in a shop on level 10 of the Dungeon)
 12598 | D:10     | Bought a jewelled chain mail for 256 gold pieces
 12598 | D:10     | Identified the +8 chain mail of Vanity {Drain rF+ Regen+
                  | Str-5 Stlth+} (You bought it in a shop on level 10 of the
                  | Dungeon)
 12718 | D:10     | You fall into a shaft and drop 2 floors!
 12741 | D:12     | Noticed a white ugly thing
 12753 | D:12     | Killed a white ugly thing
 12754 | D:12     | Reached skill level 10 in Axes
 13669 | D:10     | Found a staircase to the Orcish Mines.
 13752 | D:10     | Found a faded altar of an unknown god.
 13755 | D:10     | Paralysed by a kobold brigand for 5 turns
 13761 | D:10     | Found a hazy altar of Hepliaklqana.
 14063 | D:10     | Found a radiant altar of Vehumet.
 14063 | D:10     | Found an ornate altar of the Wu Jian Council.
 14171 | D:10     | Reached XP level 12. HP: 73/74 MP: 26/26
 14406 | D:11     | Found a staircase to the Lair.
 14438 | D:11     | HP: 1/74 [orc priest/divine providence (7)]
 15959 | D:11     | Found Ysunea's Distillery.
 16129 | D:12     | Reached skill level 1 in Armour
 16177 | D:12     | Noticed a centaur warrior
 16191 | D:12     | Killed a centaur warrior
 16288 | D:12     | Noticed a six-headed hydra
 16291 | D:12     | Noticed a two-headed ogre
 16324 | D:13     | Noticed a two-headed ogre
 16331 | D:13     | Killed a two-headed ogre
 16523 | D:13     | Noticed a two-headed ogre
 16526 | D:13     | Noticed a two-headed ogre
 16527 | D:13     | Noticed an ogre mage
 16533 | D:13     | Noticed a two-headed ogre
 16539 | D:13     | Killed an ogre mage
 16540 | D:13     | Killed a two-headed ogre
 16541 | D:13     | Killed a two-headed ogre
 16542 | D:13     | Reached skill level 5 in Armour
 16542 | D:13     | Killed a two-headed ogre
 16545 | D:13     | Found a gate to the Vaults.
 16750 | D:13     | Noticed a centaur warrior
 16766 | D:13     | Killed a centaur warrior
 16897 | D:13     | Reached skill level 1 in Summonings
 17080 | D:13     | Reached skill level 1 in Fighting
 17091 | D:13     | Reached XP level 13. HP: 47/82 MP: 18/27
 17991 | Lair:1   | Entered Level 1 of the Lair of Beasts
 18515 | Lair:1   | Found a runed translucent door.
 18543 | Lair:1   | Found a shimmering altar of Xom.
 18543 | Lair:1   | Noticed spiderkeys's ghost (journeyman HOFi)
 18932 | Lair:1   | Identified the +2 war axe "Hamic Ruso" {drain, rElec rF+
                  | rCorr Stlth+}
 18964 | Lair:1   | Reached *** piety under Kikubaaqudgha
 18964 | Lair:1   | Received a gift from Kikubaaqudgha
 19117 | Lair:1   | Reached skill level 5 in Fighting
 19117 | Lair:1   | Reached skill level 10 in Armour
 20434 | Lair:2   | Found a staircase to the Swamp.
 20744 | Lair:2   | Reached skill level 13 in Necromancy
 20744 | Lair:2   | Gained mutation: You are robust. (+10% HP) [demonic
                  | ancestry]
 20744 | Lair:2   | Reached XP level 14. HP: 98/114 MP: 28/28
 21329 | Lair:3   | Noticed Rupert
 21344 | Lair:3   | Killed Rupert
 21357 | Lair:3   | Reached XP level 15. HP: 54/124 MP: 20/29
 21394 | Lair:3   | Reached **** piety under Kikubaaqudgha
 21752 | Lair:3   | Found a staircase to the Snake Pit.
 22804 | Lair:4   | Reached skill level 10 in Fighting
 23182 | Lair:4   | Learned a level 4 spell: Dispel Undead
 23189 | Lair:4   | Learned a level 6 spell: Simulacrum
 23578 | Lair:5   | Entered Level 5 of the Lair of Beasts
 24114 | Lair:5   | Found a staircase to the Slime Pits.
 24556 | Lair:5   | Reached skill level 14 in Necromancy
 24895 | Lair:5   | Found a corrupted altar of Lugonu.
 24895 | Lair:5   | Found a one-way gate to the infinite horrors of the Abyss.
 24924 | Lair:5   | Identified the +6 dagger of Victory {vorpal, Stlth+}
 25200 | Lair:5   | Got the Writings on the Maledictive Chill
 25700 | Slime:1  | Entered Level 1 of the Pits of Slime
 25823 | Orc:1    | Entered Level 1 of the Orcish Mines
 25856 | Orc:1    | Found Ujufines's Armour Emporium.
 25866 | Orc:1    | Bought the +3 hat of Pondering {ponderous, Will+ MP+10
                  | Int+5} for 609 gold pieces
 25866 | Orc:1    | Found the +3 hat of Pondering {ponderous, Will+ MP+10
                  | Int+5}
 25957 | Orc:2    | Entered Level 2 of the Orcish Mines
 26135 | Orc:2    | Reached skill level 15 in Necromancy
 26138 | Orc:2    | Noticed Josephine
 26165 | Orc:2    | Killed Josephine
 26175 | Orc:2    | Reached ***** piety under Kikubaaqudgha
 26184 | Orc:2    | Your ally Josephine died
 26199 | Orc:2    | Noticed Urug
 26214 | Orc:2    | Killed Urug
 26215 | Orc:2    | Reached skill level 16 in Necromancy
 26231 | Orc:2    | Found a gate leading to a gauntlet.
 26241 | Gauntlet | Entered a Gauntlet
 26241 | Gauntlet | Found a transporter.
 26489 | Gauntlet | Found a transporter.
 26492 | Gauntlet | Found a transporter.
 26493 | Gauntlet | Found a transporter.
 26504 | Gauntlet | Found a transporter.
 26505 | Gauntlet | Found a transporter.
 26509 | Gauntlet | Found a runed translucent door.
 26511 | Gauntlet | Found a runed translucent door.
 26513 | Gauntlet | Found a transporter.
 26516 | Gauntlet | Found a transporter.
 26517 | Gauntlet | Found a transporter.
 26528 | Gauntlet | Found a transporter.
 26529 | Gauntlet | Found a transporter.
 26530 | Gauntlet | Found a transporter.
 26540 | Gauntlet | Found a transporter.
 26585 | Gauntlet | Found a transporter.
 26791 | Gauntlet | Identified the +1 scale mail "Wejet" {rElec}
 27217 | Orc:2    | Found a staircase to the Elven Halls.
 27510 | Orc:2    | Found Pugaohel's Assorted Antiques.
 27510 | Orc:2    | Found Ostrats's Armour Shop.
 27511 | Orc:2    | Found Zohuphepn's General Store.
 27511 | Orc:2    | Found Tiorhaetz's Armour Emporium.
 27559 | Orc:2    | Gained mutation: Your touch may irresistibly damage your
                  | foes and sap their willpower. [demonic ancestry]
 27559 | Orc:2    | Reached XP level 16. HP: 93/139 MP: 26/30
 27569 | Orc:2    | Reached skill level 17 in Necromancy
 28380 | Orc:2    | Upgraded the game from 0.29-a0-982-gaed3a0c8d8 to
                  | 0.29-a0-993-g4a18f31a58
 28383 | Orc:2    | Bought a runed helmet for 187 gold pieces
 28454 | D:10     | Bought an encrusted cloak for 256 gold pieces
 28454 | D:10     | Identified the +5 cloak of the Unseen Realm {rC+ Str+2
                  | Int+4} (You bought it in a shop on level 10 of the Dungeon)
 28659 | D:14     | HP: 6/139 [will-o-the-wisp/foxfire (2)]
 28827 | D:14     | Found a frozen archway.
 28846 | IceCv    | Entered an ice cave
 28871 | IceCv    | HP: 3/139 [entropy weaver simulacrum (8)]
 29383 | D:14     | Noticed a tengu reaver
 29401 | D:14     | Killed a tengu reaver
 29407 | D:14     | Reached skill level 18 in Necromancy
 29686 | D:14     | Noticed a storm dragon
 29710 | D:14     | Killed a storm dragon
 29971 | D:14     | Found Oheximack's Antique Armour Shop.
 29979 | D:14     | Bought a dazzling leather armour for 182 gold pieces
 29979 | D:14     | Identified the +2 leather armour "Muggogis" {Str+4} (You
                  | bought it in a shop on level 14 of the Dungeon)
 31490 | D:15     | Entered Level 15 of the Dungeon
 31568 | D:15     | Reached skill level 19 in Necromancy
 31740 | D:15     | Got the Folio of Arcane Weapons
 32268 | D:15     | Found a staircase to the Depths.
 33001 | Elf:1    | Entered Level 1 of the Elven Halls
 33032 | Elf:1    | Found a radiant altar of Vehumet.
 33066 | Elf:1    | Reached skill level 20 in Necromancy
 33959 | Elf:1    | Paralysed by an air elemental for 1 turns
 33963 | Elf:1    | Paralysed by an air elemental for 1 turns
 34049 | Elf:1    | Killed from afar by a deep elf zephyrmancer

Illustrated notes

Levels and vault maps discovered:
D:1:      scummos_arrival_simple_crosswalls, layout_loops_cross,
          serial_aquarium, aquarium_bridge_long_separate
          [aquarium_subvault_bridge, aquarium_subvault_window,
          aquarium_subvault_bridge, aquarium_subvault_window,
          aquarium_subvault_bridge, aquarium_subvault_wall],
          aquarium_window_fake, aquarium_window_3, aquarium_window_2,
          aquarium_view_2e, aquarium_view_2e
D:2:      layout_loops_corners, basic_altar, chequers_serial_rivers_micro_e,
          uniq_robin
D:3:      layout_basic, shapermc_ecumenical_altar_mp_highgroup, minivault_14,
          uniq_terence
D:4:      layout_cave_pools, lemuel_mausoleum_altar_kikubaaqudgha,
          nicolae_overflow_hidden_temple, minmay_temple_entry_large_hall
D:5:      gammafunk_cloud_chamber, layout_basic, grunt_dithmenos_shadows,
          serial_bayou_pond_c
D:6:      wander_guarded_unrand_ratskin, layout_basic,
          mainiacjoe_overflow_alcove_4
D:7:      layout_basic, amcnicky_altar_gilded, kennysheep_path_1,
          amcnicky_mini_pool_small, sword_in_stone
D:8:      layout_loops_ring, nicolae_ru_awakened_eye,
          nicolae_gozag_seed_capital, minmay_manual_mail, uniq_psyche,
          uniq_maurice, uniq_gastronok
D:9:      kb_forest_paths, layout_rooms, mainiacjoe_overflow_surrounded_room,
          serial_shops, nicolae_shop_hallway_stairs, gammafunk_ghost_grave,
          corexii_hall_statues_t, minmay_fire_ice_demons
D:10:     layout_basic, beargit_hepliaklqana_dungeon_heroes,
          chequers_temple_overflow_statue_of_worship,
          gammafunk_temple_overflow_statue, david_orc_2, serial_shops,
          shop_fountains
D:11:     layout_cave_pools, erik_lair_orcish_takeover, serial_shops,
          kennysheep_mini, minmay_misc_feat_hallway
D:12:     layout_long_grid, serial_undead, serial_undead_b, serial_undead_f,
          serial_undead_a, serial_undead_d, hangedman_fish_farm
D:13:     layout_roguey, david_vaults_2, fountainhead
D:14:     minmay_chopped_fan, layout_rooms, minmay_misc_feat_tower,
          serial_shops, shop, portal_ice_cave_entry_ice_statue_one,
          roderic_roman_lattice, pond
D:15:     grunt_enter_depths_snipers, layout_gridville, dk_noncrumbling_2
Temple:   hellmonk_temple_beads
Lair:1:   layout_regular_city, ebering_ghost_xom, st_stairs_10
Lair:2:   layout_cave_pods, nicolae_swamp_entry_splash_gauntlet
Lair:3:   layout_small_grid, minmay_snake_entry_guardpost_small, st_stairs_3,
          uniq_rupert
Lair:4:   layout_regular_city, chequers_serial_rivers_micro_c,
          serial_bayou_shore_b, grunt_megastairs_5
Lair:5:   hellmonk_lair_end_abyssal_woods, layout_loops_ring, slime_entry_1,
          st_stairs_11, grunt_megastairs_2
Slime:1:  layout_caves
Orc:1:    layout_caves, basic_altar, serial_shops, shop, nicolae_diamond_shop,
          nicolae_shop_hallway_plus, nicolae_shop_hallway_plus, shop
Orc:2:    st_orc_ogre_mass, layout_caves, gauntlet_entry_generic,
          uniq_josephine, uniq_urug
Elf:1:    eino_elf_arrival_altar, layout_gridlike,
          kennysheep_underground_church, nicolae_shop_vocational

Skill      XL: |  1  2  3  4  5  6  7  8  9 10 11 12 13 14 15 16 |
---------------+-------------------------------------------------+-----
Necromancy     | 5 6 7 8 9 10 11 12 13 16 20 | 20.4
Spellcasting   | 3 4 5 6 8 9 10 | 10.0
Short Blades   | 1 |  1.0
Axes           | 1 4 7 8 12 14 | 14.0
Armour         | 7 11 12 13 | 13.3
Summonings     | 1 |  1.0
Fighting       | 1 7 9 12 | 12.0
Staves         | |  0.2
Ranged Weapons | |  0.2
Throwing       | |  0.2
Dodging        | |  1.7
Stealth        | |  1.7
Shields        | |  0.2
Conjurations   | |  0.3
Hexes          | |  0.3
Translocations | |  0.1
Transmutations | |  0.1
Fire Magic     | |  0.2
Ice Magic      | |  0.1
Air Magic      | |  0.2
Earth Magic    | |  0.1
Poison Magic   | |  0.2
Invocations    | |  0.3
Evocations     | |  0.2

Action                   |  1- 3 |  4- 6 |  7- 9 | 10-12 | 13-15 | 16-18 || total
-------------------------+-------+-------+-------+-------+-------+-------++-------
Melee: Unarmed           |    23 |       |       |       |       |       ||    23
       Dagger            |    12 |   242 |    63 |       |       |       ||   317
       Punch             |       |     5 |     3 |     4 |    13 |     6 ||    31
       Hand axe          |       |       |   286 |   472 |   856 |   370 ||  1984
       Touch             |       |       |    22 |   113 |   208 |    86 ||   429
 Cast: Necrotise         |    47 |    80 |    23 |    10 |     7 |       ||   167
       Animate Dead      |       |     6 |    10 |    17 |    17 |    13 ||    63
       Vampiric Draining |       |     2 |    13 |     7 |       |       ||    22
       Agony             |       |       |       |     3 |     2 |       ||     5
       Simulacrum        |       |       |       |       |       |    39 ||    39
       Dispel Undead     |       |       |       |       |       |    10 ||    10
Invok: Unearth Wretches  |       |       |     3 |    10 |     8 |    12 ||    33
       Torment           |       |       |       |       |     1 |       ||     1
Evoke: Wand              |       |       |       |     1 |     2 |     1 ||     4
  Use: Scroll            |     1 |     7 |     8 |    12 |     8 |     7 ||    43
       Potion            |       |       |     7 |     1 |     6 |     6 ||    20
 Stab: Distracted        |     1 |     2 |     1 |     3 |    13 |     5 ||    25
       Sleeping          |       |       |     4 |     5 |    12 |     1 ||    22
       Paralysed         |       |       |     3 |    12 |     7 |     5 ||    27
       Confused          |       |       |       |       |       |     1 ||     1
Armor: Robe              |     7 |    74 |   105 |       |       |       ||   186
       Steam dragon scal |       |       |    41 |   278 |   450 |   342 ||  1111
Dodge: Dodged            |    35 |   106 |   272 |   405 |   654 |   355 ||  1827

Table legend: (Time is in decaauts)
 A = Elapsed time spent in this place.
 B = Non-inter-level travel time spent in this place.
 C = Inter-level travel time spent in this place.
 D = Time resting spent in this place.
 E = Time spent auto-exploring this place.
 F = Levels seen in this place.
 G = Mean time per level.
                   A        B        C        D        E       F      G
               +--------+--------+--------+--------+--------+-----+--------+
         Total |  33791 |  32545 |   1246 |   4728 |  20947 |  27 | 1251.5 |
       Dungeon |  22272 |  21326 |    946 |   2998 |  13795 |  15 | 1484.8 |
        Temple |    203 |    201 |      2 |      0 |    180 |   1 |  203.0 |
          Lair |   7584 |   7360 |    224 |    989 |   5104 |   5 | 1516.8 |
    Slime Pits |      1 |      1 |      0 |      0 |      0 |   1 |    1.0 |
  Orcish Mines |   1763 |   1693 |     70 |      0 |   1194 |   2 |  881.5 |
   Elven Halls |   1023 |   1020 |      3 |    719 |      4 |   1 | 1023.0 |
      Ice Cave |     28 |     28 |      0 |      0 |      0 |   1 |   28.0 |
      Gauntlet |    914 |    914 |      0 |     22 |    668 |   1 |  914.0 |
               +--------+--------+--------+--------+--------+-----+--------+

Top non-repeatable levels by time:
    D:14: 2672 daAuts
  Lair:5: 2048 daAuts
  Lair:2: 2012 daAuts
    D:13: 1924 daAuts
    D:12: 1765 daAuts
   Orc:2: 1625 daAuts
     D:4: 1600 daAuts
     D:6: 1547 daAuts
     D:8: 1543 daAuts
    D:15: 1436 daAuts
     D:7: 1428 daAuts
     D:9: 1419 daAuts
     D:1: 1387 daAuts
     D:2: 1365 daAuts
  Lair:3: 1299 daAuts
